 Dungeon Crawl Stone Soup version 0.21-a0-91-ga5031da (webtiles) character file.

182 Ijustatesigmund the Skirmisher (level 5, -9/61 HPs)
             Began as an Ogre Fighter on June 30, 2017.
             Mangled by Ijustatesigmund's ghost (11 damage)
             ... on level 4 of the Dungeon.
             The game lasted 00:04:32 (1981 turns).

Ijustatesigmund the Skirmisher (Ogre Fighter)       Turns: 1981, Time: 00:04:33

Health: -9/61      AC:  3    Str: 20      XL:     5   Next: 62%
Magic:  5/5        EV: 13    Int:  7 (9)  God:
Gold:   143        SH:  8    Dex: 11 (14) Spells: 4/4 levels left

rFire    . . .     SeeInvis .   m - +1 spear (venom)
rCold    . . .     Gourm    .   c - +0 shield
rNeg     . . .     Faith    .   b - +0 robe
rPois    +         Spirit   .   (helmet restricted)
rElec    .         Reflect  .   (no cloak)
rCorr    .         Harm     .   (gloves unavailable)
MR       .....                  (boots unavailable)
Stlth    ++........             e - amulet of regeneration
HPRegen  0.60/turn              i - ring of poison resistance
MPRegen  0.09/turn              (no ring)

@: agile
A: unfitting armour, tough skin 1
a: no special abilities


You were on level 4 of the Dungeon.
You were not hungry.

You visited 1 branch of the dungeon, and saw 4 of its levels.

You collected 143 gold pieces.

Inventory:

Hand Weapons
 a - a +0 trident
 m - a +1 spear of venom (weapon)
Armour
 b - a +0 robe (worn)
 c - a +0 shield (worn)
Jewellery
 e - an amulet of regeneration (around neck)
 i - a ring of poison resistance (left hand)
Scrolls
 d - 2 scrolls of teleportation {unknown}
 l - a scroll of remove curse {unknown}
 q - a scroll of identify
 s - a scroll of blinking
Potions
 j - a potion of brilliance
Comestibles
 f - a bread ration
 k - a royal jelly
 n - 3 meat rations


   Skills:
 + Level 6.5 Fighting
 + Level 4.0 Polearms
 - Level 2.6 Dodging
 - Level 2.6 Shields


You had 4 spell levels left.
You didn't know any spells.

Dungeon Overview and Level Annotations

Branches:
Dungeon (4/15)
 Temple: D:4-7

Altars:
Ashenzari

Annotations:
D:4 Ijustatesigmund's ghost, novice OgFi


Innate Abilities, Weirdness & Mutations

You are too large for most types of armour.
You have tough skin. (AC +1)


Message History

Ijustatesigmund's ghost hits you!
* * * LOW HITPOINT WARNING * * *
You hit Ijustatesigmund's ghost.
Ijustatesigmund's ghost is moderately damaged.
Ijustatesigmund's ghost closely misses you.
You hit Ijustatesigmund's ghost but do no damage.
Ijustatesigmund's ghost is moderately damaged.
Ijustatesigmund's ghost hits you.
* * * LOW HITPOINT WARNING * * *
You puncture Ijustatesigmund's ghost!
Ijustatesigmund's ghost is heavily damaged.
Ijustatesigmund's ghost hits you!
* * * LOW HITPOINT WARNING * * *
You hit Ijustatesigmund's ghost.
Ijustatesigmund's ghost is heavily damaged.
You block Ijustatesigmund's ghost's attack.
You hit Ijustatesigmund's ghost.
Ijustatesigmund's ghost is heavily damaged.
Ijustatesigmund's ghost hits you!
You die...

.# #.# .###
##.####.###
#........#.
###...[..=.#.
#@#........_.
#W#........#.
#.#........#.
#....<###.#
#######


You could see Ijustatesigmund's ghost.

Vanquished Creatures
  2 orc priests (D:3)
  3 gnolls (D:3)
  4 adders
  A worm (D:2)
  2 dart slugs (D:2)
  A leopard gecko (D:2)
  8 orcs (D:3)
  A giant cockroach (D:2)
  2 goblins (D:2)
  3 hobgoblins (D:1)
  6 jackals (D:2)
  A quokka (D:3)
  5 bats
  6 kobolds
  2 rats
47 creatures vanquished.

Notes
Turn   | Place    | Note
-------+----------+-------------------------------------------
     0 | D:1      | Ijustatesigmund the Ogre Fighter began the quest for the Orb.
     0 | D:1      | Reached XP level 1. HP: 24/24 MP: 1/1
   359 | D:1      | Reached XP level 2. HP: 16/33 MP: 2/2
   931 | D:2      | Reached XP level 3. HP: 41/41 MP: 3/3
  1072 | D:2      | Reached skill level 5 in Fighting
  1446 | D:2      | Reached XP level 4. HP: 50/50 MP: 4/4
  1678 | D:3      | Reached skill level 6 in Fighting
  1678 | D:3      | Reached XP level 5. HP: 19/59 MP: 5/5
  1868 | D:3      | Noticed an ogre
  1954 | D:4      | Found a shattered altar of Ashenzari.
  1954 | D:4      | Noticed Ijustatesigmund's ghost (novice OgFi)
  1979 | D:4      | HP: 1/61 [Ijustatesigmund's ghost (13)]
  1981 | D:4      | Mangled by Ijustatesigmund's ghost

Vault maps used:
D:1:      kennysheep_arrival_seaside, serial_park_tiny_2
D:3:      chequers_ecumenical_altar_grove, kennysheep_decorative_pillar
D:4:      first_bread, cheibrodos_ashenzari_chains, uniq_edmund

Skill      XL: |  1  2  3  4  5 |
---------------+----------------+-----
Fighting       | 5 6 |  6.5
Polearms       | 3 4 |  4.0
Dodging        | |  2.6
Shields        | |  2.6

Action                   |  1- 3 |  4- 6 || total
-------------------------+-------+-------++-------
Melee: Trident           |    35 |       ||    35
       Spear             |    48 |    82 ||   130
  Use: Potion            |     2 |     6 ||     8
       Scroll            |     3 |     1 ||     4
 Stab: Sleeping          |     1 |       ||     1
       Distracted        |     1 |       ||     1
  Eat: Chunk             |     1 |     2 ||     3
Armor: Robe              |    11 |    13 ||    24
Dodge: Dodged            |    27 |    21 ||    48
Block: Shield            |    17 |    27 ||    44
